[ AOE2 MATCH · #505114227 ]
UnrankedWu vs Sicilians
Player's team · WIN
Rival team · LOSS
[ REPLAY ANALYSIS · EXTRACTED FROM THE RECORDED GAME ]
Feudal
9:48
Castle
22:37
Imperial
39:28
| APM avg | 44.9 |
| APM peak | 82 |
| eAPM avg | 22.1 |
| Villagers / military | 215 / 240 |
Focus
⚔️ 41.5% · 🌾 58.5%
Militia ×179 · Unknown (1974) ×59 · Scout Cavalry ×30 · Unknown (1968) ×25 · Archer ×16 · Unknown (1942) ×11
Feudal
10:39
Castle
23:59
Imperial
40:35
| APM avg | 35.8 |
| APM peak | 67 |
| eAPM avg | 21.9 |
| Villagers / military | 220 / 313 |
Focus
⚔️ 36.9% · 🌾 63.1%
Serjeant ×198 · Archer ×91 · Scorpion ×15 · Trebuchet (Packed) ×6 · Skirmisher ×3
Match map
Initial resources + every placement click. Lines = walls · curves = elevation contours. ◆ gold · ⬟ stone · ● berries · ✦ relic · ◌ wall gap
Your base· ✓ Closed at 22:37 · 8t walls · 1 gate(s)
matias_dka's base· Open — 6t gap
Smoothed initial terrain · ◌ = detected wall gap · hover for details
Inputs per minute
— Head_Of_The_School - - matias_dka
Build order — Head_Of_The_School
First 150 of 645 actions detected
| 0:01 | Queue | Villager (Male) |
| 0:01 | Queue | Villager (Male) |
| 0:01 | Queue | Villager (Male) |
| 0:02 | Queue | Villager (Male) |
| 0:03 | Build | House |
| 0:04 | Build | House |
| 1:29 | Queue | Villager (Male) |
| 1:29 | Queue | Villager (Male) |
| 1:29 | Queue | Villager (Male) |
| 2:02 | Build | Lumber Camp |
| 2:11 | Queue | Villager (Male) |
| 2:11 | Queue | Villager (Male) |
| 2:11 | Queue | Villager (Male) |
| 2:29 | Queue | Villager (Male) |
| 2:30 | Queue | Villager (Male) |
| 2:57 | Queue | Villager (Male) |
| 3:35 | Build | House |
| 4:12 | Queue | Villager (Male) |
| 4:37 | Build | Barracks |
| 4:40 | Queue | Villager (Male) |
| 4:41 | Queue | Villager (Male) |
| 4:51 | Queue | Villager (Male) |
| 5:29 | Build | House |
| 5:37 | Queue | Militia |
| 5:37 | Queue | Militia |
| 5:49 | Queue | Villager (Male) |
| 5:50 | Queue | Militia |
| 6:23 | Queue | Villager (Male) |
| 6:30 | Build | House |
| 6:48 | Queue | Villager (Male) |
| 7:10 | Build | Mining Camp |
| 7:13 | Queue | Villager (Male) |
| 7:36 | Research | Feudal Age |
| 7:48 | Queue | Villager (Male) |
| 8:12 | Build | Palisade Wall |
| 8:14 | Build | Palisade Wall |
| 8:15 | Build | Palisade Wall |
| 8:21 | Queue | Villager (Male) |
| 8:31 | Research | Loom |
| 8:47 | Build | Mill |
| 9:36 | Queue | Villager (Male) |
| 9:48 | Age | Feudal Age |
| 9:50 | Research | Man-at-Arms (upgrade) |
| 9:52 | Build | Archery Range |
| 9:55 | Build | House |
| 10:03 | Research | Arson |
| 10:32 | Queue | Villager (Male) |
| 10:37 | Research | Loom |
| 10:38 | Queue | Villager (Male) |
| 10:50 | Build | House |
| 10:57 | Queue | Villager (Male) |
| 11:07 | Queue | Archer |
| 11:07 | Queue | Archer |
| 11:10 | Build | Blacksmith |
| 11:29 | Queue | Villager (Male) |
| 11:32 | Queue | Militia |
| 11:38 | Queue | Archer |
| 11:46 | Build | Palisade Gate |
| 12:16 | Queue | Villager (Male) |
| 12:35 | Queue | Villager (Male) |
| 12:39 | Queue | Archer |
| 12:45 | Build | House |
| 12:48 | Research | Double-Bit Axe |
| 12:51 | Build | Lumber Camp |
| 13:02 | Queue | Villager (Male) |
| 13:06 | Research | Horse Collar |
| 13:11 | Build | Farm |
| 13:36 | Queue | Villager (Male) |
| 13:51 | Build | Farm |
| 13:51 | Build | Farm |
| 13:51 | Build | Farm |
| 14:06 | Queue | Villager (Male) |
| 14:07 | Queue | Villager (Male) |
| 14:16 | Build | Palisade Wall |
| 14:20 | Queue | Villager (Male) |
| 14:21 | Queue | Archer |
| 14:42 | Build | Farm |
| 14:49 | Build | Farm |
| 14:50 | Build | Farm |
| 14:51 | Build | Farm |
| 14:57 | Queue | Archer |
| 15:07 | Queue | Militia |
| 15:14 | Queue | Villager (Male) |
| 15:30 | Queue | Archer |
| 15:40 | Queue | Villager (Male) |
| 15:41 | Build | Farm |
| 15:42 | Build | Farm |
| 15:42 | Build | Farm |
| 15:42 | Build | Farm |
| 15:42 | Build | Farm |
| 15:43 | Queue | Villager (Male) |
| 16:07 | Queue | Villager (Male) |
| 16:11 | Build | Farm |
| 16:17 | Queue | Villager (Male) |
| 16:24 | Queue | Militia |
| 16:38 | Research | Fletching |
| 16:42 | Queue | Militia |
| 16:54 | Build | House |
| 16:57 | Build | House |
| 17:06 | Queue | Villager (Male) |
| 17:06 | Queue | Villager (Male) |
| 17:11 | Build | Farm |
| 17:16 | Queue | Villager (Male) |
| 18:05 | Queue | Villager (Male) |
| 18:05 | Queue | Villager (Male) |
| 18:23 | Build | Mill |
| 18:48 | Queue | Villager (Male) |
| 18:53 | Build | Market |
| 19:06 | Queue | Villager (Male) |
| 19:57 | Research | Castle Age |
| 20:10 | Queue | Villager (Male) |
| 20:13 | Queue | Archer |
| 20:13 | Queue | Archer |
| 20:27 | Research | Padded Archer Armor |
| 20:34 | Research | Scale Mail Armor |
| 21:19 | Research | Gold Mining |
| 21:27 | Queue | Villager (Male) |
| 21:35 | Build | Palisade Wall |
| 21:36 | Build | Palisade Wall |
| 21:37 | Build | Palisade Wall |
| 21:38 | Build | Palisade Wall |
| 21:41 | Build | Palisade Wall |
| 21:57 | Queue | Villager (Male) |
| 22:04 | Build | Mill |
| 22:15 | Queue | Villager (Male) |
| 22:15 | Queue | Villager (Male) |
| 22:23 | Build | House |
| 22:37 | Age | Castle Age |
| 22:41 | Build | Town Center |
| 22:43 | Research | Crossbowman (upgrade) |
| 22:45 | Research | Bodkin Arrow |
| 22:47 | Queue | Unit 1974 |
| 22:47 | Queue | Unit 1974 |
| 22:58 | Research | Bow Saw |
| 22:59 | Research | Bow Saw |
| 23:05 | Build | House |
| 23:05 | Build | House |
| 23:09 | Queue | Villager (Male) |
| 23:13 | Queue | Unit 1974 |
| 23:21 | Queue | Villager (Male) |
| 23:32 | Build | Monastery |
| 23:34 | Queue | Villager (Male) |
| 23:40 | Queue | Unit 1974 |
| 23:40 | Queue | Unit 1974 |
| 23:52 | Queue | Villager (Male) |
| 23:52 | Queue | Villager (Male) |
| 24:03 | Queue | Villager (Male) |
| 24:18 | Queue | Villager (Male) |
| 24:26 | Research | Long Swordsman (upgrade) |
| 24:29 | Queue | Villager (Male) |
Build order — matias_dka
First 150 of 666 actions detected
| 0:04 | Queue | Villager (Male) |
| 0:06 | Build | House |
| 0:08 | Build | House |
| 0:24 | Queue | Villager (Male) |
| 0:25 | Queue | Villager (Male) |
| 0:25 | Queue | Villager (Male) |
| 0:25 | Queue | Villager (Male) |
| 1:42 | Queue | Villager (Male) |
| 1:42 | Queue | Villager (Male) |
| 1:43 | Queue | Villager (Male) |
| 2:05 | Build | Lumber Camp |
| 2:14 | Queue | Villager (Male) |
| 2:14 | Queue | Villager (Male) |
| 2:14 | Queue | Villager (Male) |
| 2:14 | Queue | Villager (Male) |
| 3:02 | Queue | Villager (Male) |
| 3:02 | Queue | Villager (Male) |
| 3:25 | Queue | Villager (Male) |
| 3:25 | Queue | Villager (Male) |
| 3:48 | Queue | Villager (Male) |
| 3:48 | Queue | Villager (Male) |
| 3:49 | Queue | Villager (Male) |
| 3:56 | Build | House |
| 4:23 | Queue | Villager (Male) |
| 4:23 | Queue | Villager (Male) |
| 4:24 | Queue | Villager (Male) |
| 4:53 | Build | Mill |
| 5:02 | Queue | Villager (Male) |
| 5:02 | Queue | Villager (Male) |
| 5:33 | Queue | Villager (Male) |
| 5:33 | Queue | Villager (Male) |
| 6:04 | Build | House |
| 6:25 | Queue | Villager (Male) |
| 6:26 | Queue | Villager (Male) |
| 6:28 | Research | Loom |
| 6:32 | Queue | Villager (Male) |
| 6:33 | Research | Loom |
| 6:43 | Build | Mining Camp |
| 6:48 | Build | Donjon |
| 7:37 | Research | Feudal Age |
| 8:53 | Build | Palisade Wall |
| 9:06 | Build | Palisade Wall |
| 9:08 | Build | Palisade Wall |
| 9:09 | Build | Palisade Wall |
| 9:35 | Build | Mining Camp |
| 10:39 | Age | Feudal Age |
| 10:46 | Queue | Serjeant |
| 10:47 | Queue | Serjeant |
| 10:49 | Queue | Villager (Male) |
| 10:54 | Build | Market |
| 11:06 | Build | House |
| 11:32 | Build | House |
| 11:34 | Queue | Villager (Male) |
| 11:34 | Queue | Villager (Male) |
| 11:55 | Queue | Serjeant |
| 12:10 | Queue | Villager (Male) |
| 12:16 | Build | Farm |
| 12:17 | Build | Farm |
| 12:39 | Queue | Villager (Male) |
| 12:47 | Research | Double-Bit Axe |
| 12:51 | Research | Horse Collar |
| 13:01 | Queue | Serjeant |
| 13:14 | Queue | Villager (Male) |
| 13:18 | Build | Farm |
| 13:21 | Build | Farm |
| 13:21 | Build | Farm |
| 13:45 | Queue | Villager (Male) |
| 13:54 | Build | Blacksmith |
| 13:59 | Build | House |
| 14:03 | Queue | Villager (Male) |
| 14:43 | Queue | Villager (Male) |
| 14:46 | Build | Farm |
| 14:48 | Build | Farm |
| 14:50 | Build | Farm |
| 14:52 | Build | Farm |
| 14:53 | Build | Farm |
| 14:53 | Queue | Villager (Male) |
| 15:02 | Queue | Villager (Male) |
| 15:12 | Queue | Serjeant |
| 15:23 | Queue | Villager (Male) |
| 15:34 | Queue | Villager (Male) |
| 15:38 | Queue | Villager (Male) |
| 15:47 | Build | Archery Range |
| 15:55 | Build | Farm |
| 15:58 | Build | Farm |
| 16:10 | Build | Archery Range |
| 16:14 | Queue | Villager (Male) |
| 16:26 | Build | Farm |
| 16:43 | Research | Fletching |
| 16:53 | Queue | Serjeant |
| 17:00 | Queue | Skirmisher |
| 17:00 | Queue | Skirmisher |
| 17:06 | Build | Farm |
| 17:09 | Build | Farm |
| 17:12 | Build | Farm |
| 17:14 | Queue | Villager (Male) |
| 17:18 | Build | House |
| 17:19 | Build | House |
| 17:43 | Queue | Villager (Male) |
| 18:09 | Queue | Villager (Male) |
| 18:12 | Queue | Skirmisher |
| 18:18 | Queue | Villager (Male) |
| 18:26 | Build | Farm |
| 18:29 | Queue | Serjeant |
| 18:29 | Queue | Serjeant |
| 18:37 | Research | Padded Archer Armor |
| 18:40 | Build | Farm |
| 18:53 | Queue | Serjeant |
| 18:57 | Research | Scale Mail Armor |
| 19:10 | Build | House |
| 19:11 | Build | Palisade Wall |
| 19:20 | Build | Farm |
| 19:22 | Build | Farm |
| 19:23 | Queue | Villager (Male) |
| 19:36 | Build | Market |
| 19:59 | Build | Donjon |
| 20:04 | Research | Wheelbarrow |
| 20:16 | Build | Farm |
| 21:06 | Research | Castle Age |
| 21:36 | Build | Palisade Wall |
| 22:01 | Queue | Serjeant |
| 22:01 | Queue | Serjeant |
| 22:37 | Queue | Serjeant |
| 22:37 | Queue | Serjeant |
| 22:44 | Queue | Serjeant |
| 22:44 | Queue | Serjeant |
| 22:55 | Research | Forging |
| 23:15 | Queue | Serjeant |
| 23:15 | Queue | Serjeant |
| 23:22 | Build | House |
| 23:23 | Build | House |
| 23:29 | Queue | Serjeant |
| 23:29 | Queue | Serjeant |
| 23:59 | Age | Castle Age |
| 24:05 | Queue | Villager (Male) |
| 24:09 | Research | Chain Mail Armor |
| 24:24 | Build | Siege Workshop |
| 24:26 | Queue | Villager (Male) |
| 24:41 | Build | Town Center |
| 24:43 | Queue | Villager (Male) |
| 24:54 | Queue | Villager (Male) |
| 25:03 | Queue | Villager (Male) |
| 25:09 | Queue | Serjeant |
| 25:09 | Queue | Serjeant |
| 25:18 | Queue | Villager (Male) |
| 25:39 | Queue | Scorpion |
| 25:39 | Queue | Scorpion |
| 25:41 | Queue | Villager (Male) |
| 25:41 | Queue | Villager (Male) |
| 25:55 | Build | Lumber Camp |
Match timeline
| 4:37 | Head_Of_The_School · first_building Barracks |
| 6:48 | matias_dka · first_building Donjon |
| 8:12 | Head_Of_The_School · wall_segment Palisade Wall x1 |
| 8:14 | Head_Of_The_School · wall_segment Palisade Wall x1 |
| 8:15 | Head_Of_The_School · wall_segment Palisade Wall x1 |
| 8:53 | matias_dka · wall_segment Palisade Wall x1 |
| 9:06 | matias_dka · wall_segment Palisade Wall x1 |
| 9:08 | matias_dka · wall_segment Palisade Wall x1 |
| 9:09 | matias_dka · wall_segment Palisade Wall x1 |
| 9:48 | Head_Of_The_School · age_up feudal |
| 9:52 | Head_Of_The_School · first_building Archery Range |
| 10:39 | matias_dka · age_up feudal |
| 14:16 | Head_Of_The_School · wall_segment Palisade Wall x1 |
| 15:47 | matias_dka · first_building Archery Range |
| 19:11 | matias_dka · wall_segment Palisade Wall x1 |
| 20:50 | matias_dka · first_market_sell 100 wood |
| 20:53 | matias_dka · first_market_buy 100 food |
| 21:35 | Head_Of_The_School · wall_segment Palisade Wall x1 |
| 21:36 | Head_Of_The_School · wall_segment Palisade Wall x1 |
| 21:36 | matias_dka · wall_segment Palisade Wall x1 |
| 21:37 | Head_Of_The_School · wall_segment Palisade Wall x1 |
| 21:38 | Head_Of_The_School · wall_segment Palisade Wall x1 |
| 21:41 | Head_Of_The_School · wall_segment Palisade Wall x1 |
| 22:37 | Head_Of_The_School · age_up castle |
| 23:32 | Head_Of_The_School · first_building Monastery |
| 23:59 | matias_dka · age_up castle |
| 24:24 | matias_dka · first_building Siege Workshop |
| 28:28 | Head_Of_The_School · first_building Siege Workshop |
| 35:17 | matias_dka · first_building Barracks |
| 36:10 | Head_Of_The_School · first_market_buy 100 food |
| 36:47 | matias_dka · first_building Monastery |
| 39:25 | matias_dka · first_building Castle |
| 39:28 | Head_Of_The_School · first_building Castle |
| 39:28 | Head_Of_The_School · age_up imperial |
| 40:06 | Head_Of_The_School · first_market_sell 500 wood |
| 40:35 | matias_dka · age_up imperial |
| 53:55 | Head_Of_The_School · first_building Stable |
| 61:30 | matias_dka · first_building Stable |
| 62:44 | matias_dka · resign |
[ AI ANALYSIS · 1 CREDIT ]
What really happened in this match?
Wolo.gg analyzes every decision: build order, eco, micro, common mistakes by bracket. Personalized analysis on WhatsApp or Discord in 30 seconds.
Civ guide
Wu
Perfil
Jugador #25323929